[Event "Early-Titled-Tuesday-Blitz-July-09-2024"]
[Site "Chess.com"]
[Date "2024.07.09"]
[Round "9"]
[White "FMalexhdez"]
[Black "vikber19611"]
[Result "1-0"]
[WhiteElo "2277"]
[BlackElo "1750"]
[TimeControl "180+1"]
[EndTime "9:44:57 PDT"]
[Termination "FMalexhdez won on time"]

1. e4 e5 2. Nf3 Nc6 3. Bc4 Nf6 4. d3 Bc5 5. c3 d6 6. a4 a5 7. Nbd2 O-O 8. O-O Be6 9. h3 d5 10. Bb5 Bd6 11. Re1 dxe4 12. Nxe4 Nd5 13. Nxd6 Qxd6 14. d4 exd4 15. Bxc6 Qxc6 16. Nxd4 Qd7 17. Nxe6 fxe6 18. Be3 Rad8 19. Qg4 Nxe3 20. Rxe3 Rf5 21. Rae1 Re8 22. Qxf5 exf5 23. Rxe8+ Kf7 24. R8e5 b6 25. g3 g6 26. h4 Kf6 27. R1e2 Qxa4 28. Re7 Qc6 29. Rxh7 b5 30. Ree7 Qd5 31. Rxc7 Qd1+ 32. Kh2 Qf3 33. Rhf7+ Ke6 34. Rfe7+ Kd6 35. Kg1 Qd1+ 36. Kg2 Qd5+ 37.
Kh2 Qf3 38. Rcd7+ 1-0

[Event "Early-Titled-Tuesday-Blitz-July-09-2024"]
[Site "Chess.com"]
[Date "2024.07.09"]
[Round "9"]
[White "lindsay790"]
[Black "JEHUBNER"]
[Result "0-1"]
[WhiteElo "2107"]
[BlackElo "2017"]
[TimeControl "180+1"]
[EndTime "9:44:57 PDT"]
[Termination "JEHUBNER won by checkmate"]

1. e4 c5 2. Nf3 Nc6 3. b4 Nxb4 4. c3 Nc6 5. d4 cxd4 6. cxd4 d6 7. Nc3 e6 8. Be3 Nf6 9. d5 Nb8 10. Rc1 a6 11.
Bc4 e5 12. Be2 Be7 13. O-O O-O 14. h3 Ne8 15. g4 Bh4 16. Ne1 Nd7 17. Ng2 Be7 18.
f4 exf4 19. Bxf4 Ne5 20. Bxe5 dxe5 21. Kh2 Bc5 22. Qd2 Nd6 23. Nd1 Bd4 24. Qd3 Bd7 25. Qf3 Rc8 26. Nde3 Qb6 27. Nf5 Nxf5 28. gxf5 f6 29. Rb1 Qa5 30. Rxb7 Rfd8 31. Qb3 Qd2 32. Bf3 Kh8 33. Rd1 Qg5 34. d6 Bf2 35. Qf7 Qg3+ 36.
Kh1 Qxf3 37. Rxd7 Qxd1+ 38. Kh2 Qg1# 0-1

[Event "Early-Titled-Tuesday-Blitz-July-09-2024"]
[Site "Chess.com"]
[Date "2024.07.09"]
[Round "9"]
[White "Adar_07"]
[Black "Aslanov_Umid"]
[Result "0-1"]
[WhiteElo "2748"]
[BlackElo "2656"]
[TimeControl "180+1"]
[EndTime "9:44:59 PDT"]
[Termination "Aslanov_Umid won by resignation"]

1. e4 c5 2. Nf3 d6 3. d4 cxd4 4. Nxd4 Nf6 5. Nc3 a6 6. Bg5 e6 7. Bc4 Be7 8. Bb3 O-O 9. Qd2 b5 10. a3 Bb7 11. f3 Nbd7 12. O-O-O Nc5 13. Ba2 Rc8 14. h4 Qa5 15. Nce2 Qb6 16. Kb1 a5 17.
Nb3 b4 18. axb4 axb4 19. Bxf6 Nxb3 20. Bxb3 Bxf6 21. Qxd6 Qa5 22. Nc1 Be5 23. Qe7 Rc7 24.
Qd8 Bxb2 25. Na2 Bf6 26. Qd6 Rc5 27. Rhe1 Be5 28. Qe7 Qa3 29. Qxf7+ Kxf7 0-1

[Event "Early-Titled-Tuesday-Blitz-July-09-2024"]
[Site "Chess.com"]
[Date "2024.07.09"]
[Round "9"]
[White "Mikhail_Golubev"]
[Black "Balla_Tamas"]
[Result "0-1"]
[WhiteElo "2619"]
[BlackElo "2495"]
[TimeControl "180+1"]
[EndTime "9:44:59 PDT"]
[Termination "Balla_Tamas won on time"]

1. e4 c5 2. Nf3 Nc6 3. Nc3 g6 4. d4 cxd4 5. Nxd4 Bg7 6. Be3 Nf6 7.
Bc4 O-O 8. Bb3 d6 9. f3 Bd7 10. h4 Nxd4 11. Bxd4 h5 12. Qd2 b5 13. g4 a5 14. Bxf6 Bxf6 15. gxh5 a4 16. Bd5 b4 17. Ne2 Bxb2 18. hxg6 e6 19. Qh6 fxg6 20. Qxg6+ Kh8 21. Qh6+ Kg8 22. Rb1 Bg7 23. Bxe6+ Bxe6 24. Qxe6+ Kh8 25. Qg4 Qe8 26. Rg1 b3 0-1

[Event "Early-Titled-Tuesday-Blitz-July-09-2024"]
[Site "Chess.com"]
[Date "2024.07.09"]
[Round "9"]
[White "BaylavChess"]
[Black "pinguino120"]
[Result "0-1"]
[WhiteElo "2408"]
[BlackElo "2322"]
[TimeControl "180+1"]
[EndTime "9:45:00 PDT"]
[Termination "pinguino120 won on time"]

1. e4 c6 2. d4 d5 3. Nc3 dxe4 4. Nxe4 Nf6 5. Nxf6+ exf6 6. c3 Bd6 7. Bd3 O-O 8. Qc2 Re8+ 9. Ne2 h5 10. O-O Nd7 11.
Be3 Nf8 12. c4 h4 13. h3 Ne6 14. Rad1 Bb8 15. Bf5 Qa5 16. a3 Ng5 17. Bxc8 Rxc8 18. Bd2 Qb6 19. c5 Qc7 20. Bf4 Qd7 21. Qd2 Ne6 22.
Bxb8 Raxb8 23. Qe3 Re8 24. Qf3 Ng5 25. Qf4 Rxe2 26.
Qxb8+ Kh7 27. Rfe1 Rxe1+ 28. Rxe1 Qxd4 29. Qd6 Qxb2 30. Qd3+ g6 31. f4 Ne6 32. f5 Nf4 33. fxg6+ fxg6 34. Qf3 Qd4+ 35. Kh2 g5 36. Re7+ Kg6 37.
Rxb7 Qe5 38. Rb1 Qxc5 0-1

[Event "Early-Titled-Tuesday-Blitz-July-09-2024"]
[Site "Chess.com"]
[Date "2024.07.09"]
[Round "9"]
[White "RTchess367"]
[Black "TioCridineno"]
[Result "0-1"]
[WhiteElo "2296"]
[BlackElo "2432"]
[TimeControl "180+1"]
[EndTime "9:45:01 PDT"]
[Termination "TioCridineno won on time"]

1. e4 c5 2. Nf3 Nc6 3. Bb5 Nf6 4.
Nc3 g6 5. O-O Bg7 6. Re1 Nd4 7.
Nxd4 cxd4 8. Nb1 O-O 9. d3 e6 10. Bf4 Qb6 11. Ba4 d5 12. Bb3 a5 13. a4 Bd7 14. Nd2 Bc6 15. Qe2 Rad8 16. Be5 dxe4 17. dxe4 Qc5 18. Bxf6 Bxf6 19. Nc4 e5 20. Rad1 b6 21.
Kh1 Rc8 22. Qd3 Bxa4 23. Nxe5 Bb5 24. c4 dxc3 25. Nd7 Bxd3 26. Nxc5 Rxc5 27. Rxd3 cxb2 28. Rd5 Rxd5 29. Bxd5 Bc3 30. Rb1 b5 31. f4 a4 32.
Kg1 b4 0-1

[Event "Early-Titled-Tuesday-Blitz-July-09-2024"]
[Site "Chess.com"]
[Date "2024.07.09"]
[Round "9"]
[White "krzyzan94"]
[Black "annasargsyan_m"]
[Result "0-1"]
[WhiteElo "2767"]
[BlackElo "2672"]
[TimeControl "180+1"]
[EndTime "9:45:03 PDT"]
[Termination "annasargsyan_m won by checkmate"]

1. Nf3 d5 2. g3 Nf6 3. Bg2 g6 4. O-O Bg7 5. c4 c6 6. a4 O-O 7. a5 dxc4 8. Qc2 Be6 9. Ng5 Bf5 10. Qxc4 h6 11. e4 hxg5 12. exf5 gxf5 13. d3 g4 14. Nc3 a6 15. Qf4 e6 16. Qb4 Qc8 17. Bg5 Nd5 18.
Qb3 Nd7 19. Nxd5 exd5 20. Qb4 Ne5 21. Rad1 d4 22. Rfe1 Qd7 23. Qd2 Rfe8 24. Bh6 Ng6 25. Bxg7 Kxg7 26. Qb4 f4 27. Be4 f5 28. Bg2 f3 29.
Bf1 Kf6 30. h3 gxh3 31. Kh2 Ne5 32. Rxe5 Rxe5 33. Qd2 Kg6 34. Qf4 Rae8 35. Qxf3 Qd5 36. Qf4 Re1 37. Qc1 Rxf1 38. Rxf1 Qg2# 0-1

[Event "Early-Titled-Tuesday-Blitz-July-09-2024"]
[Site "Chess.com"]
[Date "2024.07.09"]
[Round "9"]
[White "subham777"]
[Black "Arteler"]
[Result "1-0"]
[WhiteElo "2540"]
[BlackElo "2297"]
[TimeControl "180+1"]
[EndTime "9:45:04 PDT"]
[Termination "subham777 won by resignation"]

1. e4 e6 2. Nf3 d5 3. Nc3 d4 4.
Ne2 c5 5. d3 Be7 6. g3 g5 7. h3 h5 8. Bg2 Nc6 9. c3 dxc3 10.
bxc3 e5 11. Be3 b6 12. Qd2 Be6 13. Nxg5 Qd7 14. Nxe6 Qxe6 15. O-O h4 16. g4 O-O-O 17. f4 Nf6 18. g5 Nh5 19. Qc2 exf4 20. Nxf4 Nxf4 21.
Bxf4 Ne5 22. d4 Ng6 23. Bh2 Bxg5 24. Qa4 Qd7 25. Qb3 Rdf8 26. e5 f5 27. exf6 Rxf6 28. Qa3 Bf4 29. Qa6+ Kd8 30. dxc5 Bxh2+ 31. Kxh2 Nf4 32.
Rad1 Nxg2 33. Rxd7+ Kxd7 34. Rxf6 1-0

[Event "Early-Titled-Tuesday-Blitz-July-09-2024"]
[Site "Chess.com"]
[Date "2024.07.09"]
[Round "9"]
[White "dey2580"]
[Black "neistoviupryam"]
[Result "1-0"]
[WhiteElo "2466"]
[BlackElo "2337"]
[TimeControl "180+1"]
[EndTime "9:45:04 PDT"]
[Termination "dey2580 won by checkmate"]

1. Nf3 d5 2. g3 e6 3. Bg2 f5 4. O-O Nf6 5. d3 Bc5 6. a3 c6 7.
b4 Bb6 8. c4 Nbd7 9. c5 Bc7 10.
Nbd2 e5 11. e4 fxe4 12. dxe4 O-O 13. Ng5 Qe8 14. exd5 cxd5 15. Qb3 e4 16. Ndxe4 Kh8 17. Nd6 Bxd6 18. cxd6 Nb6 19. Bb2 h6 20. Rae1 Qh5 21. Ne6 Bxe6 22. Rxe6 Ng4 23. h3 Nf6 24. Bxf6 Rxf6 25.
Rxf6 gxf6 26. Re1 Rd8 27. Re6 Qf5 28. Qe3 Kg7 29. g4 Qg6 30. Re7+ Kf8 31. Qe6 Nc8 32. Bxd5 Rxd6 33. Rf7+ Kg8 34. Qe8# 1-0

[Event "Early-Titled-Tuesday-Blitz-July-09-2024"]
[Site "Chess.com"]
[Date "2024.07.09"]
[Round "9"]
[White "MdChess1734"]
[Black "HypeMan111"]
[Result "1-0"]
[WhiteElo "2419"]
[BlackElo "2288"]
[TimeControl "180+1"]
[EndTime "9:45:07 PDT"]
[Termination "MdChess1734 won by resignation"]

1. e4 c5 2. Nf3 d6 3. d4 cxd4 4.
Nxd4 Nf6 5. Nc3 a6 6. Bg5 e6 7. f4 Be7 8. Qf3 Qc7 9. O-O-O Nbd7 10. g4 h6 11. Bxf6 Bxf6 12. h4 Nb6 13. g5 Bxd4 14. Rxd4 Qc5 15. Qd1 Ke7 16. g6 fxg6 17. e5 dxe5 18.
fxe5 Bd7 19. Rg1 Be8 20. Bh3 Bf7 21. Rf1 Rad8 22. Rxd8 Rxd8 23. Qf3 Bg8 24. Qxb7+ Rd7 25. Qf3 Rd8 26. Ne4 Qd4 27. Qa3+ Kd7 28. Rd1 1-0

[Event "Early-Titled-Tuesday-Blitz-July-09-2024"]
[Site "Chess.com"]
[Date "2024.07.09"]
[Round "9"]
[White "Sofia_Blokhin"]
[Black "JuliaEfremova"]
[Result "1-0"]
[WhiteElo "2200"]
[BlackElo "2281"]
[TimeControl "180+1"]
[EndTime "9:45:09 PDT"]
[Termination "Sofia_Blokhin won by resignation"]

1. d4 e5 2. dxe5 d6 3. exd6 Bxd6 4. Nc3 Nc6 5. e4 Qe7 6. Be3 Nf6 7. f3 Be6 8. Bb5 a6 9. Bxc6+ bxc6 10. Qe2 Bb4 11.
Bd2 Qc5 12. a3 Bxc3 13. Bxc3 Bc4 14. Qf2 Qe7 15. Ne2 Bxe2 16. Qxe2 O-O 17. O-O Nd7 18. Bb4 c5 19. Bc3 f5 20. Qc4+ Kh8 21. exf5 Rxf5 22.
Rfe1 Qf8 23. Qe6 Nb6 24. Rad1 Rf7 25. Re2 Na4 26. Be5 Re7 27. Qc4 Nb6 28. Qxc5 Rae8 29. f4 h6 30. Rde1 Qf7 31. Bxg7+ Qxg7 32. Rxe7 Rxe7 33.
Qxe7 Qd4+ 34. Kh1 Nd5 35. Qf8+ Kh7 36. Qf7+ Qg7 37. Qxd5 1-0

[Event "Early-Titled-Tuesday-Blitz-July-09-2024"]
[Site "Chess.com"]
[Date "2024.07.09"]
[Round "9"]
[White "Volodar_Murzin"]
[Black "Nemegejas"]
[Result "1-0"]
[WhiteElo "3017"]
[BlackElo "2954"]
[TimeControl "180+1"]
[EndTime "9:45:12 PDT"]
[Termination "Volodar_Murzin won on time"]

1. d4 Nf6 2. c4 e6 3. Nc3 d5 4. e3 Be7 5. cxd5 exd5 6. Bd3 O-O 7. Nf3 c5 8. O-O Nc6 9. h3 cxd4 10. exd4 h6 11. Re1 Bd6 12. Be3 Re8 13. Rc1 Bd7 14. Bb1 Rc8 15. a3 Na5 16. Qd3 Be6 17. Ne5 a6 18.
Ng4 Kf8 19. Nxh6 gxh6 20. Bxh6+ Ke7 21. Bg5 Kd7 22. Qf3 Be7 23. Bf5 Qb6 24. Bxf6 Bxf6 25. Nxd5 Qd8 26. Rxc8 Kxc8 27. Bxe6+ fxe6 28. Nxf6 Rf8 29. Rxe6 Qxd4 30. Qf5 Qd1+ 31. Re1+ 1-0

[Event "Early-Titled-Tuesday-Blitz-July-09-2024"]
[Site "Chess.com"]
[Date "2024.07.09"]
[Round "9"]
[White "bubeliang"]
[Black "sathvikadiga"]
[Result "1-0"]
[WhiteElo "2812"]
[BlackElo "2663"]
[TimeControl "180+1"]
[EndTime "9:45:12 PDT"]
[Termination "bubeliang won on time"]

1. e4 e6 2. d4 d5 3. Nc3 Bb4 4.
Ne2 dxe4 5. a3 Bxc3+ 6. Nxc3 Nc6 7. Bb5 Ne7 8. Nxe4 a6 9. Bxc6+ Nxc6 10. c3 O-O 11. O-O Qd5 12. Ng3 e5 13. dxe5 Qxe5 14. Qf3 Be6 15. Bf4 Qb5 16. b4 Ne5 17. Bxe5 Qxe5 18.
Rfe1 Qb5 19. a4 Qc4 20. h3 Rad8 21. Qxb7 Bd5 22. Qa7 Qxc3 23. Rab1 Ba2 24. Ra1 Qxb4 25. Qxc7 Be6 26. a5 Rd5 27. Qb6 Qd6 28. Ne4 Qf4 29.
Qxa6 Re5 30. Ng3 Rxe1+ 31. Rxe1 Qd2 32. Rb1 Qa2 33. Qb6 h6 34. a6 Ra8 35. Re1 Qxa6 36.
Qe3 Re8 37. Kh2 Rc8 38. Qf4 Rc4 39. Qe5 Rc6 40. Nh5 f6 41. Qg3 1-0

[Event "Early-Titled-Tuesday-Blitz-July-09-2024"]
[Site "Chess.com"]
[Date "2024.07.09"]
[Round "9"]
[White "karinachess1"]
[Black "Chaubunagungamaug1"]
[Result "1-0"]
[WhiteElo "2673"]
[BlackElo "2494"]
[TimeControl "180+1"]
[EndTime "9:45:12 PDT"]
[Termination "karinachess1 won on time"]

1. d4 d5 2. c4 c6 3. Nf3 Nf6 4. g3 dxc4 5. Bg2 Bf5 6. Nc3 Ne4 7. Ne5 Nxc3 8. bxc3 Be6 9. O-O f6 10. Nf3 b5 11. e4 g6 12. a4 Bg7 13. axb5 cxb5 14.
d5 Bg4 15. Be3 a6 16. Qd2 Bxf3 17. Bxf3 O-O 18. e5 fxe5 19. d6 Rxf3 20. dxe7 Qxe7 21. Qd5+ Rf7 22. Qxa8 Rf8 23. Qd5+ Qf7 24. Qxf7+ Rxf7 25. Rfd1 Rb7 26. Rd6 Kf7 27. Bc5 Bf8 28. Rd5 Ke6 29. Rad1 Bxc5 30. Rxc5 a5 31. Rb1 b4 32. Rxa5 b3 33.
Rc5 Na6 34. Rxc4 Kd5 35. Ra4 Rb6 36. Kf1 Kc6 37. Ke2 Nc7 38. Rb4 1-0

[Event "Early-Titled-Tuesday-Blitz-July-09-2024"]
[Site "Chess.com"]
[Date "2024.07.09"]
[Round "9"]
[White "GMT4114"]
[Black "YaWaleriy"]
[Result "0-1"]
[WhiteElo "1972"]
[BlackElo "2403"]
[TimeControl "180+1"]
[EndTime "9:45:12 PDT"]
[Termination "YaWaleriy won on time"]

1. e4 e6 2. d4 d5 3. Nc3 dxe4 4. Nxe4 Nd7 5. Bd3 Ngf6 6. Qe2 Nxe4 7. Bxe4 Nf6 8.
Bxb7 Bxb7 9. Qb5+ Qd7 10. Qxb7 Qd5 11. Qxd5 Nxd5 12. Nf3 c5 13. dxc5 Bxc5 14. O-O Ke7 15. c4 Nb4 16. Bd2 Nd3 17. Bc3 f6 18. a3 Rac8 19.
b4 Bxf2+ 20. Rxf2 Nxf2 21. Kxf2 Rxc4 22. Bd2 Rd8 23. Be3 Rc2+ 24. Kg3 a6 25. Bc5+ Kf7 26.
Nd4 Rc4 27. Nc6 Rd3+ 28. Kf2 Rc2+ 29. Kf1 Rdd2 30. a4 Rxg2 31. a5 Rxh2 32. Kg1 Rhg2+ 33. Kf1 h5 34. Nb8 h4 35. Nxa6 h3 36. Bd6 e5 0-1

[Event "Early-Titled-Tuesday-Blitz-July-09-2024"]
[Site "Chess.com"]
[Date "2024.07.09"]
[Round "9"]
[White "Oleg_Papayan"]
[Black "Iball95"]
[Result "0-1"]
[WhiteElo "2611"]
[BlackElo "2915"]
[TimeControl "180+1"]
[EndTime "9:45:15 PDT"]
[Termination "Iball95 won on time"]

1. d4 d5 2. Nc3 Nf6 3. Bf4 c5 4. e4 Nxe4 5. Nxe4 dxe4 6. dxc5 Qa5+ 7. c3 Qxc5 8. Qa4+ Nc6 9. Qxe4 g6 10. Nf3 Bg7 11.
Rd1 O-O 12. Be3 Qa5 13. Bc4 Bf5 14. Qh4 Bf6 15. Ng5 h5 16. Rd5 Qc7 17. Rxf5 gxf5 18. Qxh5 Bxg5 19. Qxg5+ Kh8 20. Qh6+ Kg8 21. Qg6+ Kh8 22.
Qh5+ Kg8 23. g4 f4 24. Qg5+ Kh8 25. Bxf4 Qd7 26. Qh6+ Kg8 27. Qg6+ Kh8 28. Bxf7 Rxf7 29. Qxf7 Qxg4 30. Qc4 Rd8 0-1

[Event "Early-Titled-Tuesday-Blitz-July-09-2024"]
[Site "Chess.com"]
[Date "2024.07.09"]
[Round "9"]
[White "AwareIdea"]
[Black "GelmanAlexander"]
[Result "1/2-1/2"]
[WhiteElo "2502"]
[BlackElo "2707"]
[TimeControl "180+1"]
[EndTime "9:45:16 PDT"]
[Termination "Game drawn - insufficient material"]

1. d4 Nf6 2. c4 c5 3. d5 b5 4. cxb5 a6 5. f3 e6 6. e4 exd5 7. e5 Qe7 8. Qe2 Ng8 9. Nc3 Bb7 10. Bf4 c4 11. O-O-O Qc5 12. Be3 Qb4 13. a3 Qb3 14.
Qc2 Qxc2+ 15. Kxc2 Ne7 16. Nh3 Nf5 17. Bf2 axb5 18.
Nxd5 Na6 19. Nhf4 h5 20. g4 hxg4 21. fxg4 Ne7 22. Bg2 Nxd5 23. Nxd5 Bxd5 24. Rxd5 Rb8 25. h4 Rh6 26. Rhd1 Rd8 27. g5 Re6 28. Bh3 Nc7 29.
Bxe6 fxe6 30. R5d2 Nd5 31. Rxd5 exd5 32. Rxd5 Rb8 33. Bc5 Bxc5 34. Rxc5 Ke7 35. h5 Ke6 36. Kc3 Kf5 37. e6+ Kxe6 38. h6 gxh6 39. gxh6 d5 40. Kd4 b4 41. axb4 Rxb4 42. Rc6+ Kf7 43. Kxd5 Rxb2 44.
Rc7+ Kg8 45. Rxc4 Rh2 46. Rc6 Kh7 47. Ke5 Rxh6 48. Rxh6+ Kxh6 1/2-1/2

[Event "Early-Titled-Tuesday-Blitz-July-09-2024"]
[Site "Chess.com"]
[Date "2024.07.09"]
[Round "9"]
[White "GothamChess"]
[Black "GrumbleBruno"]
[Result "0-1"]
[WhiteElo "2725"]
[BlackElo "2524"]
[TimeControl "180+1"]
[EndTime "9:45:18 PDT"]
[Termination "GrumbleBruno won by resignation"]

1. b3 Nf6 2. Bb2 g6 3. e3 Bg7 4. Nf3 O-O 5. d4 d6 6. g3 e5 7. Bg2 Nc6 8. O-O Bg4 9. h3 Bxf3 10. Qxf3 exd4 11. exd4 d5 12. Nd2 Qd7 13. c3 Rae8 14. Ba3 Ne4 15. Qd3 Nxd2 16. Qxd2 Ne7 17. Rfe1 Bf6 18. Qf4 Kg7 19. Re2 Rd8 20. g4 g5 21.
Qf3 Rfe8 22. Rae1 Ng6 23. Rxe8 Rxe8 24. Rxe8 Qxe8 25. Qe3 Qd7 26. Bf1 Nf4 27. Kh2 h6 28.
f3 Ng6 29. Kg1 Be7 30. Bb2 Bd6 31. c4 c6 32. Bd3 Nf4 33. Bf5 Qd8 34. c5 Be7 35. h4 Bf6 36. b4 a5 37. a3 axb4 38.
axb4 Qa8 39. hxg5 hxg5 40. Qa3 Qh8 41. Qe3 Qh4 42. Kf1 Qh3+ 43. Kf2 Qh2+ 44. Ke1 Qxb2 45. Kd1 Bxd4 0-1

[Event "Early-Titled-Tuesday-Blitz-July-09-2024"]
[Site "Chess.com"]
[Date "2024.07.09"]
[Round "9"]
[White "Yaacovn"]
[Black "Sic_Transit_GM"]
[Result "1-0"]
[WhiteElo "2805"]
[BlackElo "2615"]
[TimeControl "180+1"]
[EndTime "9:45:20 PDT"]
[Termination "Yaacovn won by resignation"]

1. d4 d5 2. Nf3 Nf6 3. Bf4 c5 4. c3 Nc6 5. e3 Qb6 6. Qc2 Bf5 7.
dxc5 Bxc2 8. cxb6 axb6 9. Na3 Bf5 10. Nb5 Kd7 11. Ne5+ Nxe5 12. Bxe5 e6 13. f3 Bc5 14. Kf2 Rac8 15. Rd1 Ke7 16. g4 Bxg4 17. Bxf6+ gxf6 18. fxg4 h5 19. Be2 hxg4 20. Bxg4 f5 21. Bf3 Rh3 22.
Nd4 Rch8 23. Kg2 Kf6 24. Rd2 e5 25. Nc2 e4 26. Bd1 Ke5 27. Re2 f4 28. exf4+ Kxf4 29. Rf1+ Ke5 30. Kh1 f5 31. Rg2 f4 32. Bg4 R3h4 33. h3 f3 34. Rg3 Kf4 35. Kh2 Bd6 36. Bxf3 exf3 37. Rgxf3+ Kg5+ 38. Kg2 Rg8 39. Rf6 Bf4 40.
Rxb6 Kf5+ 41. Kf2 Rxh3 42. Nd4+ Kg5 43. Rg1+ Kh5 44. Rxg8 1-0

[Event "Early-Titled-Tuesday-Blitz-July-09-2024"]
[Site "Chess.com"]
[Date "2024.07.09"]
[Round "9"]
[White "MrEscacs"]
[Black "Twinstulle"]
[Result "0-1"]
[WhiteElo "2188"]
[BlackElo "2333"]
[TimeControl "180+1"]
[EndTime "9:45:21 PDT"]
[Termination "Twinstulle won by resignation"]

1. e4 c5 2. c3 Nf6 3. e5 Nd5 4. Bc4 Qc7 5. Nf3 Nb6 6. Bb3 c4 7. Bc2 Nc6 8. Qe2 g5 9. e6 dxe6 10. Nxg5 Bg7 11. d4 cxd3 12. Qxd3 Ne5 13. Qg3 Qc4 14.
Na3 Qg4 15. Nb5 Nd5 16. O-O Bd7 17. Nd4 Qxg3 18. hxg3 h6 19. Ngf3 Nxf3+ 20. gxf3 Bxd4 21. cxd4 Bc6 22. Bb3 h5 23. Bg5 f6 24. Bh4 Kf7 25. Kg2 Rad8 26. Rac1 Rd6 27. Rfe1 Rg8 28. Kh2 Nb6 29.
f4 Bd5 30. Bxd5 Nxd5 31. Kg2 Nxf4+ 32. Kf3 Nd3 33. Red1 Nxc1 34. Rxc1 Rxd4 35. Ke3 e5 36. Rc7 Rb4 37. b3 Rd8 38. Ke2 a5 39. Rc5 a4 40.
bxa4 Rxa4 41. Rc2 Rda8 0-1

[Event "Early-Titled-Tuesday-Blitz-July-09-2024"]
[Site "Chess.com"]
[Date "2024.07.09"]
[Round "9"]
[White "PapaieDudu"]
[Black "kadirsoria"]
[Result "1-0"]
[WhiteElo "2400"]
[BlackElo "2227"]
[TimeControl "180+1"]
[EndTime "9:45:23 PDT"]
[Termination "PapaieDudu won on time"]

1. Nf3 Nf6 2. d4 g6 3. c4 Bg7 4. Nc3 O-O 5. Bf4 d6 6. e3 Nc6 7. d5 e5 8. Bg5 Ne7 9. Be2 h6 10. Bh4 Nf5 11. Bg3 h5 12. O-O Nh7 13. e4 Nxg3 14. fxg3 Bh6 15. Kh1 a5 16. b3 b6 17.
a3 Ng5 18. b4 Nxf3 19. gxf3 Be3 20. g4 Bd4 21. Rc1 axb4 22. axb4 hxg4 23. fxg4 Be3 24. Rc2 Bf4 25. Bf3 Bd7 26. Qd3 Qh4 27. Rg1 Ra3 28.
c5 bxc5 29. bxc5 Bb5 30. Qxb5 Rxc3 31. Qe2 Rxc5 32. Rxc5 dxc5 33. Rg2 Rb8 34. Qd1 Rb4 35. Kg1 Be3+ 36. Kf1 c4 37. Qe1 Bc5 38. Qxh4 Rb1+ 39.
Ke2 Rb2+ 40. Kd1 1-0

[Event "Early-Titled-Tuesday-Blitz-July-09-2024"]
[Site "Chess.com"]
[Date "2024.07.09"]
[Round "9"]
[White "Fractingale"]
[Black "Ninocanina"]
[Result "0-1"]
[WhiteElo "2061"]
[BlackElo "1933"]
[TimeControl "180+1"]
[EndTime "9:45:24 PDT"]
[Termination "Ninocanina won on time"]

1. c4 e6 2. Nc3 Nf6 3. e4 d5 4. e5 Nfd7 5. cxd5 Nxe5 6. d4 Ng6 7. dxe6 Bxe6 8. d5 Bf5 9. Bb5+ Bd7 10. Bc4 Bd6 11.
Nf3 O-O 12. O-O a6 13. Bg5 Be7 14. Bxe7 Qxe7 15. Re1 Qc5 16. Bb3 Bg4 17. Ne4 Qb6 18. Rc1 Nh4 19. Re3 Nd7 20. Rec3 Nxf3+ 21. gxf3 Bh3 22.
Rxc7 Qg6+ 23. Ng3 h5 24. Bc2 Qg5 25. Kh1 h4 26. Qd4 hxg3 27. fxg3 Nf6 28. Be4 Nxe4 29. fxe4 Qg4 30. Qe3 Rae8 31. Re1 Re5 32. Rxb7 Rfe8 33. d6 Rxe4 34. d7 Rxe3 35. dxe8=Q+ Rxe8 36. Rxe8+ Kh7 0-1

[Event "Early-Titled-Tuesday-Blitz-July-09-2024"]
[Site "Chess.com"]
[Date "2024.07.09"]
[Round "9"]
[White "BeanScreen"]
[Black "Vaathi_Coming"]
[Result "0-1"]
[WhiteElo "2705"]
[BlackElo "2918"]
[TimeControl "180+1"]
[EndTime "9:45:25 PDT"]
[Termination "Vaathi_Coming won by resignation"]

1. e4 e5 2. Nf3 Nc6 3. Bc4 Bc5 4. c3 d6 5. d4 exd4 6. cxd4 Bb4+ 7.
Nc3 Nf6 8. d5 Bxc3+ 9. bxc3 Ne7 10. Bd3 Ng6 11. O-O O-O 12. h3 Re8 13. Re1 c6 14. c4 Nd7 15. Ba3 c5 16. Qd2 b6 17.
Bb2 Nde5 18. Nxe5 dxe5 19. Bf1 Qd6 20. g3 f5 21. exf5 Bxf5 22. Bd3 e4 23. Bf1 Ne5 24. Bxe5 Rxe5 25. Qf4 Rf8 26. Qe3 Bg6 27. f4 exf3 28.
Qxe5 f2+ 29. Kg2 fxe1=N+ 30. Rxe1 Qd8 31. Qe7 Qc8 32. d6 Re8 33. Qc7 Qa8+ 34. Kf2 Rf8+ 35.
Kg1 Qf3 36. Bg2 Qf2+ 37. Kh2 Qxe1 38. d7 Qe7 39. Bd5+ Kh8 40. Qc8 Bf5 41. d8=Q Qxd8 42.
Qc6 Qe7 43. Kg2 Qe2+ 0-1

[Event "Early-Titled-Tuesday-Blitz-July-09-2024"]
[Site "Chess.com"]
[Date "2024.07.09"]
[Round "9"]
[White "ilqar_74"]
[Black "BashirovKemal"]
[Result "1-0"]
[WhiteElo "2884"]
[BlackElo "2676"]
[TimeControl "180+1"]
[EndTime "9:45:26 PDT"]
[Termination "ilqar_74 won by resignation"]

1. e4 e5 2. Nf3 Nf6 3. Nxe5 d6 4. Nf3 Nxe4 5. d4 d5 6. Bd3 Bd6 7. O-O O-O 8. c4 c6 9. Qc2 Bf5 10. Nc3 Re8 11. Re1 Bb4 12. a3 Bxc3 13. bxc3 Nd7 14. Bf4 Ndf6 15. Nh4 Be6 16. Nf3 Bf5 17. c5 Nh5 18. Be3 Bg4 19. Ne5 Be6 20. f3 f6 21.
Ng4 f5 22. Ne5 Nef6 23. Bxf5 Bxf5 24. Qxf5 g6 25. Qd3 Qc7 26. Bg5 Re6 27. Ng4 Nxg4 28. fxg4 Nf4 29. Bxf4 Rxe1+ 30. Rxe1 Qxf4 31. Qf3 Qxf3 32.
gxf3 Kf7 33. Rb1 Rb8 34. Kf2 b5 35. a4 a6 36. axb5 axb5 37. Ra1 Rb7 38. Ra6 Rc7 39.
Ke3 g5 40. f4 gxf4+ 41. Kxf4 Kf6 42. h4 h6 43. g5+ hxg5+ 44. hxg5+ Kg6 45. Ke5 Kxg5 46. Kd6 Rb7 47. Kxc6 Rb8 48. Rb6 1-0

[Event "Early-Titled-Tuesday-Blitz-July-09-2024"]
[Site "Chess.com"]
[Date "2024.07.09"]
[Round "9"]
[White "Tol_Tol"]
[Black "CristianS27"]
[Result "0-1"]
[WhiteElo "2352"]
[BlackElo "2497"]
[TimeControl "180+1"]
[EndTime "9:45:26 PDT"]
[Termination "CristianS27 won on time"]

1. d4 Nf6 2. c4 g6 3. Nc3 Bg7 4. e4 d6 5. f3 O-O 6. Be3 c5 7. dxc5 dxc5 8. Qxd8 Rxd8 9. Bxc5 Nc6 10. Nd5 Nd7 11. Bxe7 Nxe7 12. Nxe7+ Kf8 13. Nd5 Bxb2 14. Rb1 Bg7 15. Nh3 Nc5 16. Ng5 h6 17. Nh7+ Kg8 18.
Nhf6+ Kf8 19. h4 Be6 20. h5 g5 21. Nh7+ Kg8 22. Nhf6+ Kf8 23. Nh7+ Kg8 24. Nhf6+ Bxf6 25. Nxf6+ Kg7 26. Nd5 Rd6 27. Be2 Rc8 28. O-O Ra6 29. Rb2 Ra3 30. Rd1 Rc6 31. Ne7 Rca6 32. Rdd2 R6a4 33. Kh2 g4 34. e5 gxf3 35. Bxf3 Rxc4 36. Rd8 Nd3 37. Rxb7 Nxe5 38. Rg8+ Kf6 39. Nd5+ Bxd5 40. Bxd5 Ng4+ 41. Rxg4 Rxg4 42. Rxf7+ Ke5 43. Bb3 Rh4+ 44. Kg3 Rxh5 45. Re7+ Kf6 46. Re6+ Kf5 47.
Kf3 Rxb3+ 0-1

[Event "Early-Titled-Tuesday-Blitz-July-09-2024"]
[Site "Chess.com"]
[Date "2024.07.09"]
[Round "9"]
[White "Andreikka"]
[Black "HansOnTwitch"]
[Result "0-1"]
[WhiteElo "3030"]
[BlackElo "3142"]
[TimeControl "180+1"]
[EndTime "9:45:27 PDT"]
[Termination "HansOnTwitch won on time"]

1. e4 c5 2. Nf3 d6 3. Bb5+ Nd7 4. O-O a6 5. Be2 Ngf6 6. d3 e6 7. a4 b6 8. Nfd2 Bb7 9. f4 Be7 10. Bf3 O-O 11. Nc3 d5 12. exd5 Nxd5 13. f5 Ne5 14. Bxd5 exd5 15. Nf3 Bf6 16. Bf4 Nxf3+ 17. Qxf3 Qd7 18. Bd2 Rfe8 19. Rae1 b5 20. axb5 axb5 21. Qg3 b4 22. Nd1 Rxe1 23. Qxe1 Re8 24. Qg3 Qa4 25. Ne3 h5 26. Qc7 d4 27. Nc4 Bd5 28. Qxc5 Ba8 29. Nd6 Re2 30. Ne4 Bxe4 31. dxe4 Rxd2 32. e5 Qa8 33.
Rf2 Qe4 0-1

[Event "Early-Titled-Tuesday-Blitz-July-09-2024"]
[Site "Chess.com"]
[Date "2024.07.09"]
[Round "9"]
[White "ChessFighter_2011"]
[Black "K_A_S_T_O_R"]
[Result "1-0"]
[WhiteElo "2957"]
[BlackElo "2855"]
[TimeControl "180+1"]
[EndTime "9:45:27 PDT"]
[Termination "ChessFighter_2011 won by resignation"]

1. e4 c5 2. Nf3 d6 3. d4 cxd4 4. Nxd4 Nf6 5. Nc3 a6 6. Bd3 Nc6 7. Be3 Ng4 8. Nxc6 bxc6 9. Bf4 Qb6 10. Qd2 Qxb2 11. O-O Qb6 12. Rab1 Qa5 13. h3 Ne5 14. Bxe5 dxe5 15. Rfd1 e6 16. Rb3 Bc5 17. Qg5 O-O 18. Ne2 h6 19. Qh5 Qc7 20. Bc4 Kh7 21. Rf3 g6 22. Qh4 Be7 23. Qg3 a5 24. Rfd3 Rd8 25. Qf3 Kg7 26. g3 Rxd3 27. Qxd3 Rb8 28. a4 Rb4 29.
Nc3 Qb6 30. Bb3 Rd4 31. Qf3 Rxd1+ 32. Nxd1 Ba6 33. Ne3 Qd4 34. Kg2 h5 35. h4 Bc5 36.
Nf1 Qd2 37. Nxd2 1-0